 Dungeon Crawl Stone Soup version 0.21.1-1-g345015f (webtiles) character file.

112 EuclidGuy the Conjurer (level 5, 0/57 HPs)
             Began as a Human Conjurer on July 6, 2018.
             Succumbed to a scorpion's poison
             ... on level 2 of the Dungeon.
             The game lasted 00:14:26 (1644 turns).

EuclidGuy the Conjurer (Human Conjurer)             Turns: 1644, Time: 00:14:27

Health: 0/57       AC: 22    Str: 14    XL:     5   Next: 16%
Magic:  2/9        EV:  2    Int: 16    God:
Gold:   55         SH:  0    Dex: 18    Spells: 5/9 levels left

rFire    . . .     SeeInvis .   d - +0 whip
rCold    . . .     Gourm    .   (no shield)
rNeg     + + +     Faith    .   (armour currently unavailable)
rPois    +         Spirit   .   (helmet currently unavailable)
rElec    .         Reflect  .   (cloak currently unavailable)
rCorr    .         Harm     .   (gloves currently unavailable)
MR       .....     NoTele   +   (boots currently unavailable)
Stlth    +++.......             (no amulet)
HPRegen  0.19/turn              (no ring)
MPRegen  0.11/turn              (no ring)

@: mighty, agile, lethally poisoned (0 -> -1), tree-form, hasted, very quick
A: no striking features
a: no special abilities


You were on level 2 of the Dungeon.
You were not hungry.
You were a tree.
You visited 1 branch of the dungeon, and saw 2 of its levels.

You collected 55 gold pieces.

Inventory:

Hand Weapons
 d - a +0 whip (weapon)
Armour
 a - a +0 robe
 h - a +0 robe (melded)
 k - a +0 robe
 o - a +0 robe
 p - a +0 shield
Scrolls
 e - a scroll of identify {unknown}
 n - a scroll of fog {unknown}
Books
 b - a book of Conjurations

   Spells                             Type                      Level
   a - Magic Dart                     Conjuration                  1
   b - Searing Ray                    Conjuration                  2
   c - Dazzling Spray                 Conjuration/Hexes            3
   d - Fulminant Prism                Conjuration/Hexes            4
   e - Force Lance                    Conjuration/Translocation    4
   f - Iskenderun's Mystic Blast      Conjuration                  4
Comestibles
 c - 2 rations


   Skills:
 + Level 1.7 Fighting
 * Level 3.2 Dodging
 - Level 2.0 Stealth
 + Level 2.7 Spellcasting
 + Level 4.6 Conjurations


You had 5 spell levels left.
You knew the following spells:

 Your Spells              Type           Power        Failure   Level  Hunger
a - Magic Dart            Conj           ###.         3%          1    #......
b - Dazzling Spray        Conj/Hex       #.....       22%         3    ###....


Dungeon Overview and Level Annotations

Branches:
Dungeon (2/15)

Altars:


Message History

You feel sick.
It was a potion of might.
You feel very mighty all of a sudden.
It was a potion of agility.
You feel agile all of a sudden.
It was a potion of lignification.
You turn into a tree.
Your +0 robe melds into your body.
Your roots penetrate the ground.
You closely miss the scorpion.
The scorpion is heavily wounded.
* * * LOW HITPOINT WARNING * * *
You feel sick.
The scorpion stings you but does no damage.
You whack the scorpion!
The scorpion is almost dead.
The scorpion barely misses you.
You hit the scorpion.
You kill the scorpion!
Your Dodging skill increases to level 3!
You have reached level 5!
You die...

.. #.....)#.....## ##.......#.
# #...###...#### #......###.
#...###)### ####[.##### #r
###.##..########.....# #.
#.....†............# #.
#....#........##.##### #.
..#..............# #.
.....##..#.#.#.#.# #.
####.##.....♣....# ##
#####.##..#.#.#.#.######### #.
.........................?# #.
..........#.#.#.#.........# #.
.......%..................# #.
.$........#.#.#.#.........# #.
..w.......................# ##
............>...).........####
..............###............†


There were no monsters in sight!

Vanquished Creatures
  A scorpion (D:2)
  Jessica (D:2)
  2 dart slugs (D:1)
  A leopard gecko (D:1)
  A bat (D:1)
  3 giant cockroaches (D:2)
  3 hobgoblins
  6 kobolds
  A frilled lizard (D:1)
  8 goblins
  3 rats (D:1)
30 creatures vanquished.

Notes
Turn   | Place    | Note
-------+----------+-------------------------------------------
     0 | D:1      | EuclidGuy the Human Conjurer began the quest for the Orb.
     0 | D:1      | Reached XP level 1. HP: 13/13 MP: 3/3
   124 | D:1      | Reached XP level 2. HP: 7/19 MP: 0/5
  1067 | D:1      | Reached XP level 3. HP: 19/25 MP: 6/6
  1173 | D:1      | Learned a level 3 spell: Dazzling Spray
  1190 | D:1      | Reached skill level 1 in Fighting
  1384 | D:2      | Noticed Jessica
  1387 | D:2      | Killed Jessica
  1387 | D:2      | Reached XP level 4. HP: 32/32 MP: 1/7
  1636 | D:2      | HP: 1/32 [poisoned by a scorpion]
  1642 | D:2      | Reached XP level 5. HP: 1/38 MP: 1/9
  1644 | D:2      | Succumbed to a scorpion's poison

Skill      XL: |  1  2  3  4 |
---------------+-------------+-----
Fighting       | 1 |  1.7
Dodging        | 3 |  3.2
Stealth        | |  2.0
Spellcasting   | |  2.7
Conjurations   | |  4.6

Action                   |  1- 3 |  4- 6 || total
-------------------------+-------+-------++-------
Melee: Unarmed           |    27 |       ||    27
       Whip              |    16 |    34 ||    50
 Cast: Magic Dart        |    32 |    14 ||    46
       Dazzling Spray    |     3 |     4 ||     7
  Use: Potion            |       |     4 ||     4
       Scroll            |       |     1 ||     1
 Stab: Sleeping          |     1 |       ||     1
  Eat: Ration            |     1 |       ||     1
Armor: Robe              |     4 |     5 ||     9
       Skin              |       |     1 ||     1
Dodge: Dodged            |    23 |    38 ||    61
